 Dungeon Crawl Stone Soup version 0.27.1-15-g792fb953b9 (webtiles) character file.

Game seed: 14494697885033718050

35 rme2001 the Ducker (level 3, 0/22 HPs)
             Began as a Kobold Gladiator on Nov 20, 2021.
             Slain by a gnoll (5 damage)
             ... on level 2 of the Dungeon.
             The game lasted 00:02:32 (791 turns).

rme2001 the Ducker (Kobold Gladiator)                Turns: 791, Time: 00:02:33

Health: 0/22       AC:  4    Str: 11    XL:     3   Next: 52%
Magic:  3/3        EV: 15    Int:  9    God:
Gold:   33         SH:  0    Dex: 17    Spells: 2/2 levels left

rFire    . . .     SeeInvis .   f - +0 whip
rCold    . . .     Faith    .   (shield restricted)
rNeg     . . .     Spirit   .   b - +0 leather armour
rPois    .         Reflect  .   c - +0 helmet
rElec    .         Harm     .   (no cloak)
rCorr    .         Rampage  .   (no gloves)
Will     .....                  (no boots)
Stlth    +++.......             (no amulet)
HPRegen  0.07/turn              (no ring)
MPRegen  0.08/turn              (no ring)

@: no status effects
A: small, no large weapons, nightstalker 3
a: no special abilities


You were on level 2 of the Dungeon.
You visited 1 branch of the dungeon, and saw 2 of its levels.

You collected 33 gold pieces.

Inventory:

Hand Weapons
 a - a +0 flail
 f - a +0 whip (weapon)
Missiles
 d - 3 throwing nets (quivered)
Armour
 b - a +0 leather armour (worn)
 c - a +0 helmet (worn)
Scrolls
 g - a scroll of identify {unknown}


   Skills:
 + Level 2.4 Fighting
 + Level 3.4 Maces & Flails
 + Level 2.3 Throwing
 + Level 0.1 Armour
 + Level 3.9 Dodging
 + Level 1.0 Stealth


You had 2 spell levels left.
You didn't know any spells.
Your spell library was empty.

Dungeon Overview and Level Annotations

Branches:
Dungeon (2/15)

Altars:


Innate Abilities, Weirdness & Mutations

You are small and have problems with some larger weapons.
You are completely attuned to the shadows.


Message History

The helpless ball python fails to defend itself.
You hit the ball python.
You kill the ball python!
A rat comes into view.
The helpless rat fails to defend itself.
You hit the rat.
You kill the rat!
Found 19 poisoned darts.
Found a scroll labelled KIF PUNONNIFFU.
g - a scroll labelled KIF PUNONNIFFU A gnoll comes into view.
It is wielding a +0 spear.
The gnoll shouts!
You hear a shout!
The gnoll closely misses you. The gnoll completely misses you.
You closely miss the gnoll. The gnoll misses you.
A gnoll comes into view. It is wielding a +0 whip.
You barely miss the gnoll. The gnoll closely misses you.
You closely miss the gnoll. The gnoll hits you with a +0 spear.
You closely miss the gnoll.
The gnoll shouts!
You barely miss the gnoll. The gnoll barely misses you.
You hit the gnoll.
The gnoll is moderately wounded.
The gnoll closely misses you. The gnoll hits you with a +0 spear.
You hit the gnoll but do no damage.
The gnoll is moderately wounded.
The gnoll closely misses you.
A gnoll comes into view. It is wielding a +0 whip.
The gnoll hits you with a +0 spear!
You hit the gnoll but do no damage.
The gnoll is moderately wounded.
The gnoll misses you. The gnoll hits you with a +0 spear.
* * * LOW HITPOINT WARNING * * *
The gnoll misses you. The gnoll closely misses you.
You aren't carrying any potions.
As you read the scroll of fog, it crumbles to dust.
The scroll dissolves into smoke.
The gnoll barely misses you.
The gnoll hits you from afar with a +0 spear.
You die...

. ##.....<#.######.#
.####....†....##.....#
.##.......###.##.#####
......##### #.##.#
.........####.##.#
.########.....##.#
.......##.######§#
.#####.##.# #§#
.#####.##.# #@#
....##.##.## ###g####
....##.....# #.§gg...
(..........# #.#§####
....######.# #.#.#
###.# .# # #.# #.# .
#.# #.#


You could see 3 gnolls.

Vanquished Creatures
  4 dart slugs (D:1)
  4 ball pythons
  An endoplasm (D:1)
  A giant cockroach (D:1)
  3 goblins (D:1)
  3 hobgoblins (D:1)
  3 jackals (D:1)
  4 frilled lizards (D:1)
  A kobold (D:1)
  A rat (D:2)
25 creatures vanquished.

Notes
Turn   | Place    | Note
-------+----------+-------------------------------------------
     0 | D:1      | rme2001 the Kobold Gladiator began the quest for the Orb.
     0 | D:1      | Reached XP level 1. HP: 12/12 MP: 1/1
   123 | D:1      | Reached XP level 2. HP: 15/18 MP: 2/2
   233 | D:1      | Found a faded altar of an unknown god.
   254 | D:1      | Reached XP level 3. HP: 21/22 MP: 3/3
   559 | D:1      | Reached skill level 1 in Stealth
   791 | D:2      | Slain by a gnoll

Illustrated notes

Levels and vault maps discovered:
D:1:      lightli_molten_gateway, layout_basic,
          hellmonk_ecumenical_altar_zigzags
D:2:      layout_basic, minmay_stone_trees_small

Skill      XL: |  1  2  3 |
---------------+----------+-----
Maces & Flails | 3 |  3.4
Stealth        | 1 |  1.0
Fighting       | |  2.4
Throwing       | |  2.3
Armour         | |  0.1
Dodging        | |  3.9

Action                   || total
-------------------------++-------
Melee: Flail             ||    54
       Whip              ||    23
  Use: Scroll            ||     2
 Stab: Sleeping          ||     9
Armor: Leather armour    ||    14
Dodge: Dodged            ||    58
